 Dungeon Sprint DCSS version 0.31-a0-152-g6aa68a64a1 (webtiles) character file.

Game seed: 1790106104360902628

4727 Conn the Thaumaturge (level 10, -2/53 HPs)
             Began as an Octopode Fire Elementalist on June 11, 2023.
             Was a High Priest of Sif Muna.
             Killed by an exploding elephant (44 damage)
             ... ignited by their inner flame
             ... in the Dungeon (Sprint II: "The Violet Keep of Menkaure").
             The game lasted 00:16:19 (1380 turns).

Conn the Thaumaturge (Octopode Fire Elementalist)   Turns: 1380, Time: 00:16:19

Health: -2/53      AC:  1    Str:  7    XL:     10   Next: 45%
Magic:  12/27      EV: 15    Int: 22    God:    Sif Muna [*****.]
Gold:   952        SH:  0    Dex: 13    Spells: 7/36 levels left

rFire   . . .        u - +3 short sword
rCold   . . .        (no shield)
rNeg    . . .        (helmet restricted)
rPois   .            (no amulet)
rElec   .            (no ring)
rCorr   .            (no ring)
SInv    .            (no ring)
Will    .....        (no ring)
Stlth   ++++         (no ring)
HPRegen 0.28/turn    (no ring)
MPRegen 0.20/turn    (no ring)
                     (no ring)

%: no teleportation
@: no status effects
A: almost no armour, amphibious, 8 rings, camouflage 1, gelatinous body 1,
(nimble swimmer 1), tentacles, frail 1
a: Renounce Religion, Channel Magic, Forget Spell, Divine Exegesis


You were in the Dungeon.
You worshipped Sif Muna.
Sif Muna was extremely pleased with you.
You visited 1 branch You collected 1192 gold pieces.
You spent 240 gold pieces at shops.

Inventory:

Hand Weapons
 u - a +3 short sword (weapon)
Missiles
 t - 5 poisoned darts (quivered)
Jewellery
 i - a ring of protection from fire
 j - a ring of ice
Scrolls
 e - a scroll of enchant armour
 f - a scroll of blinking
 m - a scroll of fear
 p - a scroll of torment
 q - 2 scrolls of magic mapping
Potions
 a - 6 potions of magic
 b - 3 potions of curing
 c - 2 potions of heal wounds
 d - 2 potions of resistance
 h - a potion of lignification {unknown}
 k - 4 potions of enlightenment
 l - a potion of attraction {unknown}
 n - a potion of ambrosia {unknown}
 o - a potion of mutation {unknown}


   Skills:
 + Level 1.5 Fighting
 + Level 0.5 Short Blades
 + Level 0.2 Throwing
 + Level 5.7 Dodging
 - Level 6.1 Stealth
 + Level 13.6 Spellcasting
 * Level 9.4 Conjurations
 + Level 3.4 Hexes
 - Level 7.0 Summonings
 + Level 12.6 Fire Magic
 * Level 6.8 Invocations


You had 7 spell levels left.
You knew the following spells:

 Your Spells              Type           Power      Damage    Failure   Level
a - Foxfire               Conj/Fire      100%       2x1d9     1%          1
b - Scorch                Fire           100%       2d9       1%          2
c - Inner Flame           Hex/Fire       50%        N/A       1%          3
d - Flame Wave            Conj/Fire      59%        2d14      1%          4
e - Summon Small Mammal   Summ           100%       N/A       1%          1
f - Call Canine Familiar  Summ           45%        N/A       1%          3
g - Summon Guardian Gole  Hex/Summ       37%        N/A       1%          3
h - Fulminant Prism       Conj/Hex       21%        3d12      3%          4
i - Searing Ray           Conj           100%       2d8       1%          2
j - Starburst             Conj/Fire      29%        6d9       7%          6

Your spell library contained the following spells:

 Spells                   Type           Power      Damage    Failure   Level
 Magic Dart               Conj           100%       1d8       1%          1
 Shock                    Conj/Air       100%       1d9       1%          1
 Volatile Blastmotes      Fire/Tloc      84%        2d17      1%          3
 Apportation              Tloc           30%        N/A       4%          1
 Alistair's Intoxication  Tmut/Pois      10%        N/A       75%         5
 Maxwell's Capacitive Co  Air            7%         ∞         100%        8


Dungeon Overview and Level Annotations

Branches:
Dungeon (1/1)

Altars:
Cheibriados
Dithmenos
Elyvilon
Fedhas
Gozag
Hepliaklqana
Kikubaaqudgha
Makhleb
Nemelex Xobeh
Okawaru
Qazlal
Ru
Sif Muna
Trog
Uskayaw
Vehumet
Wu Jian
Xom
Yredelemnul
Zin
The Shining One
Jiyva
Lugonu

Shops:
D :[?[=!=[=*:(=[!

Annotations:
D exclusions: obsidian statue and oklob plant


Innate Abilities, Weirdness & Mutations

You cannot wear most types of armour.
You are amphibious.
You can wear up to eight rings at the same time.
Your skin changes colour to match your surroundings (Stealth+).
Your rubbery body absorbs attacks. (AC +1, EV +1)
((You are camouflaged when in or above water. (Stealth+)))
You have tentacles for arms and can constrict up to eight enemies at once.
You are frail. (-10% HP)


Message History

The elephant tramples your guardian golem but does no damage.
The elephant trunk-slaps your guardian golem but does no damage.
Unknown command.
Unknown command.
Unknown command.
Casting: Scorch (safe; 1% risk of failure)
Confirm with . or Enter, or press ? or * to list all spells.
Aiming: Inner Flame (safe; 1% risk of failure)
Press: ? - help, Dir - move target, f - centaur warrior
Aim: a centaur warrior, wielding a +0 orcbow (chance to affect: 84%)
The centaur warrior is filled with an inner flame.
You feel less invigorated.
The elephant tramples your guardian golem!
Your guardian golem holds its ground!
The elephant trunk-slaps your guardian golem but does no damage.
Unknown command.
Unknown command.
Casting: Inner Flame (safe; 1% risk of failure)
Confirm with . or Enter, or press ? or * to list all spells.
Flames lash the wyvern.
Flame seeps out of the wyvern.
The wyvern is almost dead.
The wyvern's fire resistance burns away.
The wyvern is engulfed in blazing flames.
Sif Muna accepts your kill.
The wyvern explodes!
The fiery explosion engulfs the centaur warrior!!!
Flame seeps out of the centaur warrior.
The centaur warrior is almost dead.
The fiery explosion engulfs the elephant!!!
The elephant is burned terribly!
Sif Muna accepts your kill.
The elephant explodes!
The fiery explosion engulfs your guardian golem!
Your guardian golem resists.
Your guardian golem is severely damaged.
The fiery explosion engulfs the centaur warrior!!
Sif Muna accepts your kill. The fiery explosion engulfs you!!!
Ouch! That really hurt!
You die...

######~~~.........#,,+,,,,*,,#°○▓
.∩.∩.#~~~~.##+##..#,,****,*,,#○)▓
∩.∩..#~~~~##...##.####,,+.##.#))▓
.∩...#~~~~#..##.#,...#,,*...####▓
∩....#~~######.####..##**#..##)#▓
.∩...#~##.###'###.##..#,,+..#†.#▓
∩.∩..#~#...##§##†###..#,,#..#..#▓
.∩.∩.'~'##.'○○§9##.†..####..##.#▓
..∩..#~#c..##.##@..#....###...##▓
▓▓▓###~##.###'###.##......~~~~~~~
######~~####.#$####§~§....~#'####
#G,+,##~~~#.#*#.#~~~§~~~§.~#..._.
+G,*+*#'#~##.#.##~~§§~§§§.~#_._._
*!**~*#[#~~##+##~~~≈≈≈~~~~~#._._.
***~~~####~~~~~~~~~~§≈≈≈~~~#_._._
**~~~~~*,#+++#+++#~§§≈≈≈≈≈~#._._.
**~~~~~***~≈≈SS≈~##≈≈§###≈≈#_._._


You could see a friendly guardian golem (summoned).

Vanquished Creatures
  A kraken (D)
  A centaur warrior (D)
  2 deep trolls (D)
  An elephant (D)
  A yaktaur (D)
  A hornet (D)
  3 polar bears (D)
  2 wyverns (D)
  3 neqoxecs (D)
  Menkaure (D)
  5 water moccasins (D)
  4 necrophages (D)
  A scorpion (D)
  3 worms (D)
  2 tentacles (D)
31 creatures vanquished.

Vanquished Creatures (collateral kills)
  A neqoxec (D)
1 creature vanquished.

Vanquished Creatures (others)
  128 foxfires (D)
  50 tentacles (D)
178 creatures vanquished.

Grand Total: 210 creatures vanquished

Notes
Turn   | Place    | Note
-------+----------+-------------------------------------------
     0 | D        | Conn the Octopode Fire Elementalist began the quest for the
                  | Orb.
     0 | D        | Reached XP level 1. HP: 11/11 MP: 3/3
     1 | D        | Noticed a necrophage
     1 | D        | Noticed a necrophage
     1 | D        | Noticed a necrophage
     1 | D        | Noticed a necrophage
     7 | D        | Killed a necrophage
     8 | D        | Reached skill level 4 in Spellcasting
     8 | D        | Reached skill level 5 in Fire Magic
     8 | D        | Reached XP level 2. HP: 17/17 MP: 4/7
     8 | D        | Reached XP level 3. HP: 21/21 MP: 4/8
     8 | D        | Reached XP level 4. HP: 27/27 MP: 5/10
     9 | D        | Killed a necrophage
    10 | D        | Reached skill level 5 in Spellcasting
    10 | D        | Reached XP level 5. HP: 31/31 MP: 5/12
    20 | D        | Reached skill level 6 in Spellcasting
    20 | D        | Reached XP level 6. HP: 36/36 MP: 6/15
    27 | D        | Learned a level 2 spell: Scorch
    31 | D        | Learned a level 3 spell: Inner Flame
    36 | D        | Learned a level 4 spell: Flame Wave
    38 | D        | Found Woulepp's Jewellery Boutique.
    38 | D        | Found Aweunn's Antique Weapon Shop.
    38 | D        | Found Qiumeoh's Distillery.
    38 | D        | Found Dubraor's Jewellery Boutique.
    38 | D        | Found Seug's Jewellery Shop.
    38 | D        | Found Folaask's Antique Armour Shop.
    38 | D        | Found Foridwest's Book Shop.
    38 | D        | Found Hadamaw's Antique Armour Boutique.
    38 | D        | Found Plog's Armour Shop.
    38 | D        | Found Myazun's Jewellery Boutique.
    39 | D        | Found Esuguxen's Distillery.
    39 | D        | Found Joletor's General Store.
    39 | D        | Found Feopya's Magic Scroll Shop.
    39 | D        | Found Uggeykh's Antique Armour Boutique.
    39 | D        | Noticed a water moccasin
    39 | D        | Noticed a polar bear
    42 | D        | Noticed a polar bear
    46 | D        | Killed a water moccasin
    47 | D        | Reached skill level 5 in Stealth
    47 | D        | Reached skill level 5 in Conjurations
    61 | D        | Reached skill level 7 in Spellcasting
    64 | D        | Noticed an oklob plant
    65 | D        | Found Caenuof's Book Shoppe.
    65 | D        | Noticed a hell hog
    66 | D        | Noticed a hell hog
    71 | D        | Noticed a shining eye
    71 | D        | Noticed a shining eye
    78 | D        | Bought a book of Callings for 240 gold pieces
   106 | D        | Noticed a wyvern
   106 | D        | Noticed a wyvern
   110 | D        | Learned a level 1 spell: Summon Small Mammal
   114 | D        | Learned a level 3 spell: Call Canine Familiar
   118 | D        | Learned a level 3 spell: Summon Guardian Golem
   125 | D        | Found a glowing golden altar of the Shining One.
   125 | D        | Found an ornate altar of the Wu Jian Council.
   125 | D        | Found a stormy altar of Qazlal.
   126 | D        | Found a shimmering altar of Xom.
   126 | D        | Found a sacrificial altar of Ru.
   126 | D        | Found a hazy altar of Hepliaklqana.
   127 | D        | Found a basalt altar of Yredelemnul.
   127 | D        | Found a shimmering blue altar of Sif Muna.
   127 | D        | Found a viscous altar of Jiyva.
   128 | D        | Found a glowing silver altar of Zin.
   128 | D        | Found a bloodstained altar of Trog.
   128 | D        | Found an ancient bone altar of Kikubaaqudgha.
   128 | D        | Found a snail-covered altar of Cheibriados.
   129 | D        | Found a hide-covered altar of Uskayaw.
   129 | D        | Found a corrupted altar of Lugonu.
   129 | D        | Found a shadowy altar of Dithmenos.
   130 | D        | Found a radiant altar of Vehumet.
   130 | D        | Found a burning altar of Makhleb.
   130 | D        | Found a white marble altar of Elyvilon.
   131 | D        | Found a sparkling altar of Nemelex Xobeh.
   131 | D        | Found a blossoming altar of Fedhas.
   131 | D        | Noticed Menkaure
   133 | D        | Found an iron altar of Okawaru.
   133 | D        | Found an opulent altar of Gozag.
   135 | D        | Noticed a water moccasin
   138 | D        | Became a worshipper of Sif Muna the Loreminder
   145 | D        | Noticed a water moccasin
   145 | D        | Noticed a water moccasin
   148 | D        | Killed a water moccasin
   149 | D        | Reached skill level 1 in Summonings
   149 | D        | Reached XP level 7. HP: 30/41 MP: 12/18
   152 | D        | Reached skill level 5 in Dodging
   152 | D        | Reached skill level 8 in Spellcasting
   152 | D        | Reached skill level 10 in Fire Magic
   156 | D        | Killed Menkaure
   156 | D        | Reached * piety under Sif Muna
   169 | D        | Noticed a kraken
   352 | D        | Reached skill level 9 in Spellcasting
   352 | D        | Reached skill level 1 in Invocations
   352 | D        | Reached XP level 8. HP: 32/47 MP: 18/21
   544 | D        | Killed a kraken
   544 | D        | Reached ** piety under Sif Muna
   545 | D        | Reached skill level 11 in Spellcasting
   545 | D        | Reached skill level 1 in Hexes
   545 | D        | Reached skill level 5 in Summonings
   545 | D        | Reached XP level 9. HP: 20/52 MP: 17/24
   569 | D        | Noticed a deep troll
   574 | D        | Noticed a deep troll
   583 | D        | Killed a deep troll
   584 | D        | Reached skill level 12 in Spellcasting
   981 | D        | Killed a deep troll
   982 | D        | Reached skill level 1 in Fighting
   982 | D        | Reached skill level 5 in Invocations
  1096 | D        | Learned a level 4 spell: Fulminant Prism
  1099 | D        | Learned a level 2 spell: Searing Ray
  1106 | D        | Noticed a yaktaur
  1106 | D        | Noticed a hornet
  1106 | D        | Noticed a polar bear
  1123 | D        | Killed a polar bear
  1123 | D        | Killed a hornet
  1123 | D        | Killed a polar bear
  1123 | D        | Reached *** piety under Sif Muna
  1123 | D        | Killed a polar bear
  1124 | D        | Reached skill level 13 in Spellcasting
  1124 | D        | Reached XP level 10. HP: 58/58 MP: 1/27
  1276 | D        | Reached **** piety under Sif Muna
  1294 | D        | Gained mutation: You are frail. (-10% HP) [a neqoxec]
  1304 | D        | Reached ***** piety under Sif Muna
  1327 | D        | Noticed an obsidian statue
  1333 | D        | Received a gift from Sif Muna
  1341 | D        | Got Sif Muna's Codex of Blasts and Austromancy {god gift}
  1345 | D        | Noticed a centaur warrior
  1348 | D        | Noticed a yaktaur captain
  1349 | D        | Learned a level 6 spell: Starburst
  1372 | D        | Noticed an elephant
  1380 | D        | Killed an elephant
  1380 | D        | Killed a centaur warrior
  1380 | D        | Killed by an exploding elephant... ignited by their inner
                  | flame

Illustrated notes

Levels and vault maps discovered:
D:        the_violet_keep_of_menkaure [sprint2_stairs_cluster_1,
          sprint2_shoproom, sprint2_temple, sprint2_basic_supplies,
          sprint2_obstacle_7, sprint2_obstacle_6, sprint2_obstacle_3,
          sprint2_obstacle_4, sprint2_obstacle_5, sprint2_timed_cluster_1,
          sprint2_smallroom_cluster_1, sprint2_smallroom_final_cluster_1,
          sprint2_transparent_cluster_1, sprint2_second_timed_cluster_1,
          sprint2_sniper_area_1, sprint2_heavy_combat_area_1,
          sprint2_mutation_trap_area_1, sprint2_forest_area_1,
          sprint2_light_combat_area_1, sprint2_behind_water_1,
          sprint2_near_end_vault_1]

Skill      XL: |  1  2  3  4  5  6  7  8  9 10 |
---------------+-------------------------------+-----
Stealth        | 3 4 5 6 |  6.1
Spellcasting   | 4 5 6 7 9 11 13 | 13.6
Conjurations   | 3 4 5 6 7 8 9 |  9.4
Fire Magic     | 5 6 8 9 10 11 12 | 12.6
Dodging        | 3 4 5 |  5.7
Summonings     | 1 3 5 6 7 |  7.0
Invocations    | 1 3 5 6 |  6.8
Hexes          | 1 2 3 |  3.4
Fighting       | 1 |  1.5
Short Blades   | |  0.5
Throwing       | |  0.2

Action                     |  1- 3 |  4- 6 |  7- 9 | 10-12 || total
---------------------------+-------+-------+-------+-------++-------
  Melee: Unarmed           |     4 |    14 |       |       ||    18
         Constrict         |     1 |     4 |       |     1 ||     6
         Tentacles         |     1 |     3 |       |       ||     4
         Short sword       |       |       |     1 |     4 ||     5
  Throw: Dart              |       |       |     4 |       ||     4
   Cast: Foxfire           |       |     7 |    71 |     6 ||    84
         Scorch            |       |     2 |    32 |     7 ||    41
         Inner Flame       |       |       |    18 |     9 ||    27
         Summon Small Mamm |       |       |     5 |       ||     5
         Summon Guardian G |       |       |     4 |     4 ||     8
         Call Canine Famil |       |       |     3 |     1 ||     4
 Invoke: Channel Magic     |       |       |     2 |     1 ||     3
    Use: Potion            |     2 |       |     3 |       ||     5
         Scroll            |       |       |     6 |       ||     6
  Dodge: Dodged            |     1 |     6 |     7 |     1 ||    15

Table legend: (Time is in decaauts)
 A = Elapsed time spent in this place.
 B = Non-inter-level travel time spent in this place.
 C = Inter-level travel time spent in this place.
 D = Time resting spent in this place.
 E = Time spent auto-exploring this place.
 F = Levels seen in this place.
 G = Mean time per level.
                   A        B        C        D        E       F      G
               +--------+--------+--------+--------+--------+-----+--------+
         Total |   1373 |   1373 |      0 |    491 |      0 |   1 | 1373.0 |
       Dungeon |   1373 |   1373 |      0 |    491 |      0 |   1 | 1373.0 |
               +--------+--------+--------+--------+--------+-----+--------+

Top non-repeatable levels by time:
       D: 1373 daAuts
